 Dungeon Crawl Stone Soup version 0.29-a0-648-g6b26cc9f40 (webtiles) character file.

Game seed: 2396259785532456820

48 SirFunk the Grave Robber (level 3, -4/26 HPs)
             Began as a Demonspawn Necromancer on June 12, 2022.
             Killed from afar by an orc wizard (8 damage)
             ... with a puff of flame
             ... on level 2 of the Dungeon on June 20, 2022.
             The game lasted 00:06:50 (1603 turns).

SirFunk the Grave Robber (Demonspawn Necromancer)   Turns: 1603, Time: 00:06:51

Health: -4/26      AC:  8    Str:  8    XL:     3   Next: 50%
Magic:  5/6        EV: 12    Int: 18    God:
Gold:   40         SH:  0    Dex: 13    Spells: 6/7 levels left

rFire   . . .      SeeInvis .   o - +0 whip
rCold   . . .      Faith    .   (no shield)
rNeg    . . .      Spirit   .   a - +0 robe
rPois   .          Reflect  .   (no helmet)
rElec   .          Harm     .   (no cloak)
rCorr   .          Rampage  .   (no gloves)
Will    .....                   (no boots)
Stlth   +.........              (no amulet)
HPRegen 0.08/turn               (no ring)
MPRegen 0.10/turn               (no ring)

@: confused, sanguine armoured
A: demonic guardian 1, sanguine armour 1
a: no special abilities


You were on level 2 of the Dungeon.
You visited 1 branch of the dungeon, and saw 2 of its levels.

You collected 40 gold pieces.

Inventory:

Hand Weapons
 g - a +0 dagger
 i - a +0 mace
 o - a +0 whip (weapon)
Missiles
 n - 2 boomerangs
Armour
 a - a +0 robe (worn)
 d - a +0 scale mail
 h - a +0 ring mail
Scrolls
 f - a scroll of teleportation {unknown}
 j - a scroll of vulnerability {unknown}
 k - a scroll of magic mapping {unknown}
 l - a scroll of poison {unknown}
Potions
 b - a potion of magic
 c - a potion of attraction {unknown}
 e - a potion of degeneration {unknown}
 m - a potion of invisibility {unknown}


   Skills:
 + Level 1.6 Fighting
 - Level 1.7 Dodging
 - Level 1.7 Stealth
 + Level 2.6 Spellcasting
 + Level 4.9 Necromancy


You had 6 spell levels left.
You knew the following spells:

 Your Spells              Type           Power      Damage    Failure   Level
a - Necrotize             Necr           80%        1d8       2%          1

Your spell library contained the following spells:

 Spells                   Type           Power      Damage    Failure   Level
 Vampiric Draining        Necr           20%        2d7       7%          3
 Animate Dead             Necr           20%        N/A       22%         4
 Agony                    Necr           20%        N/A       52%         5


Dungeon Overview and Level Annotations

Branches:
Dungeon (2/15)

Altars:


Innate Abilities, Weirdness & Mutations

A weak demonic guardian rushes to your aid.
When seriously injured, your blood forms armour. (AC +6)


Message History

An orc wizard comes into view. It is wielding a +0 dagger.
Your iron imp completely misses the worm.
Your iron imp hits the worm!
The worm dies!
What are your orders? t - Shout!
Orders for allies: a - Attack new target. r - Retreat! s - Stop attacking. g - Guard the area. f - Follow me.
Anything else - Cancel.
Gang up on whom?
Press: ? - help, Dir - move target, f - orc wizard
Aim: an orc wizard, wielding a +0 dagger and wearing a +0 robe (ally target) Attack!
The orc wizard casts a spell.
The orc wizard flickers and vanishes!
Deactivating autopickup; reactivate with Ctrl-A.
A puff of flame appears from out of thin air!
The puff of flame hits you.
* * * LOW HITPOINT WARNING * * *
A demonic guardian appears!
Your iron imp disappears in a puff of smoke!
You are confused.
You bump into the rock wall.
You see here 3 stones.
You feel less confused.
You are confused.
You are more confused.
You bump into the rock wall.
You bump into the rock wall.
Your ufetubus disappears in a puff of smoke!
You hear some strange, mumbled words.
You are more confused.
You bump into the rock wall.
You bump into the rock wall.
There is a stone staircase leading up here.
You hear some strange, mumbled words.
A puff of flame appears from out of thin air!
The puff of flame hits you!
You die...

########### #.........####
####### #.##...##....# #......
#......##....# #......
####......##....#######......
+...........@{..'.......^....
##.....####...#######......
#.....# #.........##'####
######.##########.......##..###
................................
#####.#.#.########.......###..##
#...#.# ######......(..
###.....# #....)....
####.......# #.........


There were no monsters in sight!

Vanquished Creatures
  2 dart slugs
  An orc (D:2)
  2 endoplasms (D:1)
  4 giant cockroaches
  3 goblins (D:1)
  A hobgoblin (D:1)
  2 jackals (D:2)
  4 ball pythons
  A bat (D:2)
  2 frilled lizards
  6 kobolds
  2 rats
30 creatures vanquished.

Vanquished Creatures (collateral kills)
  A worm (D:2)
  An endoplasm (D:1)
  3 jackals
  A frilled lizard (D:1)
6 creatures vanquished.

Grand Total: 36 creatures vanquished

Notes
Turn   | Place    | Note
-------+----------+-------------------------------------------
     0 | D:1      | SirFunk the Demonspawn Necromancer began the quest for the
                  | Orb.
     0 | D:1      | Reached XP level 1. HP: 13/13 MP: 3/3
     0 | D:1      | Upgraded the game from 0.29-a0-563-g64e4043184 to
                  | 0.29-a0-648-g6b26cc9f40
   258 | D:1      | Gained mutation: A weak demonic guardian rushes to your
                  | aid. [demonic ancestry]
   258 | D:1      | Reached XP level 2. HP: 20/20 MP: 0/5
   517 | D:1      | Found a faded altar of an unknown god.
   533 | D:1      | Reached skill level 1 in Fighting
  1298 | D:1      | You fall into a shaft and drop 1 floor!
  1321 | D:2      | Gained mutation: When seriously injured, your blood forms
                  | armour. (AC +6) [demonic ancestry]
  1321 | D:2      | Reached XP level 3. HP: 26/26 MP: 2/6
  1603 | D:2      | Killed from afar by an orc wizard

Illustrated notes

Levels and vault maps discovered:
D:1:      lemuel_arrival_rhombus, layout_basic,
          shapermc_ecumenical_altar_mp_vishouse, st_stairs_3, bh_walls_and_bars
D:2:      layout_basic

Skill      XL: |  1  2 |
---------------+-------+-----
Fighting       | 1 |  1.6
Dodging        | |  1.7
Stealth        | |  1.7
Spellcasting   | |  2.6
Necromancy     | |  4.9

Action                   || total
-------------------------++-------
Melee: Unarmed           ||    10
       Mace              ||     6
       Dagger            ||     1
       Whip              ||    19
Throw: Boomerang         ||     1
 Cast: Necrotize         ||    51
 Stab: Distracted        ||     1
Armor: Robe              ||    18
Dodge: Dodged            ||    38

Table legend: (Time is in decaauts)
 A = Elapsed time spent in this place.
 B = Non-inter-level travel time spent in this place.
 C = Inter-level travel time spent in this place.
 D = Time resting spent in this place.
 E = Time spent auto-exploring this place.
 F = Levels seen in this place.
 G = Mean time per level.
                   A        B        C        D        E       F      G
               +--------+--------+--------+--------+--------+-----+--------+
         Total |   1605 |   1605 |      0 |    411 |    664 |   2 |  802.5 |
       Dungeon |   1605 |   1605 |      0 |    411 |    664 |   2 |  802.5 |
               +--------+--------+--------+--------+--------+-----+--------+

Top non-repeatable levels by time:
     D:1: 1298 daAuts
     D:2: 307 daAuts
